AoeStats
← mdave88

Arena

509173576Analyzed
4v4 RM · 6d ago on Sep 25, 2026· 29m 18s· 8 players
Game mode
Random Map
Map size
Large (8 player)
Population
200
Speed
Normal
Resources
Standard
Victory
Conquest
Starting age
Dark Age
Ending age
Imperial Age
RankedLock teamsTeams togetherTeam positionsShared explorationLock speedFull tech treeHidden civsTurbo modeCheats
Victory
Defeat
🇭🇺 Hindustanis · Hungary
867
+13
🇭🇺 Magyars · Hungary
864
+13
🇩🇪 Jurchens · Germany
822
+15
🇭🇺 Khmer · Hungary
803
+15
🇫🇷 Franks · France
810
-15
🇲🇽 Bohemians · Mexico
802
-14
🇫🇷 Bohemians · France
798
-14
🇹🇼 Teutons · Taiwan
776
-13
不動游星
9:09 Feudal Age
14:48 Castle Age
13:15 Double-Bit Axe
13:32 Horse Collar
16:48 Bow Saw
Iceman
0:29 Loom
12:16 Feudal Age
17:17 Castle Age
15:11 Double-Bit Axe
16:06 Horse Collar
18:11 Bow Saw
[LFE] Predator
2:12 Loom
13:31 Feudal Age
14:29 Double-Bit Axe
15:21 Wheelbarrow
14:40 Gold Mining
17:36 Stone Mining
21:36 Castle Age
20:09 Padded Archer Armor
20:04 Fletching
21:51 Crossbowman
22:53 Hand Cart
Driver0687
4:18 Loom
13:31 Feudal Age
14:19 Double-Bit Axe
14:18 Horse Collar
15:19 Wheelbarrow
21:44 Castle Age
mdave88
2:20 Loom
12:39 Feudal Age
16:32 Castle Age
14:43 Stone Mining
16:10 Double-Bit Axe
21:26 Horse Collar
24:37 Scale Barding Armor
26:08 Gold Mining
27:22 Corvinian Army
29:38 Heavy Plow
Laszlo
12:30 Feudal Age
16:13 Castle Age
15:08 Loom
15:13 Double-Bit Axe
16:05 Wheelbarrow
15:14 Horse Collar
Joe
11:14 Feudal Age
15:08 Castle Age
14:48 Double-Bit Axe
19:21 Scale Mail Armor
21:21 Forging
25:18 Chain Mail Armor
26:20 Iron Casting
Zoleey
7:58 Loom
11:34 Feudal Age
11:55 Horse Collar
12:05 Double-Bit Axe
18:07 Castle Age
20:30 Stone Mining
24:58 Wheelbarrow
27:32 Fletching
27:48 Husbandry
27:58 Bloodlines
Connection lost

Rejoining the realm…

Still unreachable

The connection could not be restored.

Session expired

The server has moved on; the page needs a fresh start.